 Dungeon Crawl Stone Soup version 0.28-a0-1594-ga885d4b3d6 (webtiles) character file.

Game seed: 8850873194349595543

18 testman the Magician (level 2, 0/22 HPs)
             Began as a Djinni Hedge Wizard on Jan 21, 2022.
             Was a Follower of Dithmenos.
             Slain by an adder (1 damage)
             ... on level 1 of the Dungeon.
             The game lasted 00:03:27 (1279 turns).

testman the Magician (Djinni Hedge Wizard)          Turns: 1279, Time: 00:03:27

Health: 0/22       AC:  3    Str:  7 (9)  XL:     2   Next: 90%
Gold:   38         EV: 12    Int: 13 (15) God:    Dithmenos [*.....] SH:  0 Dex: 11 (12)

rFire   + + .      SeeInvis .   a - +0 dagger
rCold   x . .      Faith    .   (no shield)
rNeg    . . .      Spirit   .   b - +0 robe
rPois   ∞          Reflect  .   c - +0 hat
rElec   .          Harm     .   h - +0 cloak
rCorr   .          Rampage  .   (no gloves)
Will    .....                   (boots unavailable)
Stlth   ++........              (no amulet)
HPRegen 0.07/turn               (no ring)
MPRegen 0.00/turn               (no ring)

@: flying, wreathed by umbra
A: sickness immunity, fire resistance 2, cold vulnerability 1, float, innate
caster, hp casting, extra vitality 1
a: Renounce Religion


You were on level 1 of the Dungeon.
You worshipped Dithmenos.
Dithmenos was aware of your devotion.
You visited 1 branch of the dungeon, and saw 2 of its levels.

You collected 38 gold pieces.

Inventory:

Hand Weapons
 a - a +0 dagger (weapon)
Missiles
 d - 13 sling bullets
 j - 14 stones
Armour
 b - a +0 robe (worn)
 c - a +0 hat (worn)
 h - a +0 cloak (worn)
Scrolls
 g - a scroll of identify {unknown}
Potions
 e - a potion of flight {unknown}
 f - a potion of degeneration
 i - a potion of curing {unknown}


   Skills:
 + Level 1.4 Fighting
 - Level 2.1 Dodging
 - Level 1.5 Stealth
 + Level 2.7 Spellcasting


You couldn't memorise any spells.
You knew the following spells:

 Your Spells              Type           Power      Damage    Failure   Level
a - Magic Dart            Conj           36%        1d4       8%          1
b - Blink                 Tloc           18%        N/A       12%         2
c - Call Imp              Summ           9%         N/A       12%         2
d - Slow                  Hex            36%        N/A       8%          1
e - Conjure Flame         Conj/Fire      9%         6-21      22%         3
f - Mephitic Cloud        Conj/Pois/Air  9%         N/A       22%         3
Your spell library was empty.

Dungeon Overview and Level Annotations

Branches:
Dungeon (2/15)

Altars:
Dithmenos


Innate Abilities, Weirdness & Mutations

You are immune to sickness and miasma.
You are immune to poison.
Your flesh is very heat resistant. (rF++)
You are vulnerable to cold. (rC-)
You float through the air rather than walking.
You learn spells naturally, not from books.
Your magical power is your life essence.
You have superior vitality. (+4 MHP)


Message History

Casting: Magic Dart (safe; 7% risk of failure)
Confirm with . or Enter, or press ? or * to list all spells.
Okay, then.
You hit the adder.
The adder is lightly wounded.
The adder bites you but does no damage.
You hit the adder.
The adder is moderately wounded.
The adder closely misses you.
You hit the adder but do no damage.
The adder is moderately wounded.
The adder bites you.
* * * LOW HITPOINT WARNING * * *
You closely miss the adder.
The adder is moderately wounded.
The adder barely misses you. The adder misses you.
You barely miss the adder.
The adder is moderately wounded.
The adder misses you.
You barely miss the adder.
The adder is moderately wounded.
The adder bites you.
* * * LOW HITPOINT WARNING * * *
You barely miss the adder.
The adder is moderately wounded.
The adder bites you.
* * * LOW HITPOINT WARNING * * *
The adder misses you.
You barely miss the adder.
The adder is moderately wounded.
The adder barely misses you.
You hit the adder but do no damage.
The adder is moderately wounded.
The adder bites you but does no damage. The adder misses you.
It was a potion of degeneration.
There was something very wrong with that liquid.
You feel weakened.
You feel dopey.
You feel clumsy. The adder bites you.
You die...

......###..........##♣♣♣♣♣♣♣♣#..#
#####.##...##......#♣≈P≈♣P≈≈≈≈#.#
# #.......##.##.##♣♣≈≈≈≈≈P≈≈P♣..
# #..##...##.##.P♣♣≈≈≈≈P≈≈.≈....
# #..#######.##.♣≈P≈≈...........
# #..# #.................... #
#..# ####.....≈.....≈.≈≈≈♣
####..# #...P≈≈≈.P≈≈≈P≈≈P≈
......# ##@##♣≈≈P≈≈≈≈P≈≈PP≈
#####.# ##.#S##≈≈≈≈≈≈≈≈≈≈≈≈≈
#####.# ##.###.#>≈≈≈P≈P≈≈≈P≈♣
......#######.## ##..♣≈PP≈≈≈≈P♣♣♣
#######......## ##.P≈P≈≈≈≈♣.#
#.#####.## ##.##♣P♣♣♣♣#.#
##.######.###.##########.#
#..........#.###.........#
#..########.## #.#######.#


You could see an adder.

Vanquished Creatures
  A ball python (D:1)
  An endoplasm (D:1)
  2 goblins (D:1)
  5 hobgoblins (D:1)
  A bat (D:1)
  5 frilled lizards (D:1)
  A quokka zombie (D:2)
  2 rats (D:1)
18 creatures vanquished.

Notes
Turn   | Place    | Note
-------+----------+-------------------------------------------
     0 | D:1      | testman the Djinni Hedge Wizard began the quest for the
                  | Orb.
     0 | D:1      | Reached XP level 1. HP: 15/15 MP: 0/0
   269 | D:1      | Found a faded altar of an unknown god.
   274 | D:1      | Prayed at the altar of an unknown god.
   274 | D:1      | Became a worshipper of Dithmenos the Shadowed
   274 | D:1      | Reached * piety under Dithmenos
   278 | D:1      | Reached XP level 2. HP: 20/22 MP: 0/0
   309 | D:1      | Reached skill level 1 in Fighting
  1274 | D:1      | HP: 1/22 [adder (1)]
  1279 | D:1      | Slain by an adder

Illustrated notes

Levels and vault maps discovered:
D:1:      lordsloth_arrival_two_stooges, layout_loops_ring,
          ebering_ecumenical_altar_abandoned, minmay_misc_feat_iff,
          serial_bayou_ford_a
D:2:      layout_rooms, basic_altar, serial_undead, serial_undead_d,
          serial_undead_f, serial_undead_f, serial_undead_a,
          minmay_misc_feat_secret_circle

Skill      XL: |  1  2 |
---------------+-------+-----
Fighting       | 1 |  1.4
Dodging        | |  2.1
Stealth        | |  1.5
Spellcasting   | |  2.7

Action                   || total
-------------------------++-------
Melee: Dagger            ||    34
       Punch             ||     1
 Cast: Magic Dart        ||    33
  Use: Potion            ||     1
Armor: Robe              ||     9
Dodge: Dodged            ||    36

Table legend: (Time is in decaauts)
 A = Elapsed time spent in this place.
 B = Non-inter-level travel time spent in this place.
 C = Inter-level travel time spent in this place.
 D = Time resting spent in this place.
 E = Time spent auto-exploring this place.
 F = Levels seen in this place.
 G = Mean time per level.
                   A        B        C        D        E       F      G
               +--------+--------+--------+--------+--------+-----+--------+
         Total |   1279 |   1264 |     15 |    111 |   1006 |   2 |  639.5 |
       Dungeon |   1279 |   1264 |     15 |    111 |   1006 |   2 |  639.5 |
               +--------+--------+--------+--------+--------+-----+--------+

Top non-repeatable levels by time:
     D:1: 1269 daAuts
     D:2: 9 daAuts
